 Dungeon Crawl Stone Soup version 0.30-a0-364-gf6b3ef1049 (webtiles) character file.

Game seed: 17528973759576176585

555 retardedninja the Trooper (level 7, -1/62 HPs)
             Began as a Hill Orc Fighter on Nov 14, 2022.
             Was an Initiate of Gozag.
             Killed from afar by Dowan (9 damage)
             ... with a stone arrow
             ... on level 5 of the Dungeon.
             The game lasted 00:06:13 (5154 turns).

retardedninja the Trooper (Hill Orc Fighter)        Turns: 5154, Time: 00:06:14

Health: -1/62      AC: 14    Str: 21    XL:     7   Next: 30%
Magic:  7/7        EV:  7    Int:  8    God:    Gozag
Gold:   331        SH:  5    Dex: 10    Spells: 6/6 levels left

rFire   . . .      SeeInvis .    a - +0 war axe
rCold   . . .      Faith    .    c - +0 buckler
rNeg    . . .      Spirit   .    o - +0 chain mail
rPois   .          Reflect  .    h - +0 helmet
rElec   .          Harm     .    k - +1 cloak
rCorr   .          Rampage  .    (no gloves)
Will    .....                    n - +0 pair of boots
Stlth   ..........               (no amulet)
HPRegen 0.30/turn                (no ring)
MPRegen 0.10/turn                (no ring)

@: lit by a corona, gold aura, glowing
A: no striking features
a: Renounce Religion, Potion Petition, Call Merchant, Bribe Branch


You were on level 5 of the Dungeon.
You worshipped Gozag.
Gozag was aware of your devotion.
You visited 2 branches of the dungeon, and saw 6 of its levels.

You collected 413 gold pieces.
You paid 82 gold pieces to Gozag.

Inventory:

Hand Weapons
 a - a +0 war axe (weapon)
Armour
 c - a +0 buckler (worn)
 h - a +0 helmet (worn)
 k - a +1 cloak (worn)
 n - a +0 pair of boots (worn)
 o - a +0 chain mail (worn)
Jewellery
 f - a +6 ring of strength
 r - a ring of resist corrosion
Wands
 b - a wand of flame (21)
 e - a wand of light (23)
Scrolls
 d - a scroll of identify
 g - 2 scrolls of immolation {unknown}
 j - 3 scrolls of teleportation {unknown}
 m - a scroll of enchant armour {unknown}
 s - a scroll of fear {unknown}
 t - a scroll of silence {unknown}
 u - a scroll of blinking {unknown}
 v - 2 scrolls of magic mapping {unknown}
 x - 2 scrolls of vulnerability {unknown}
 y - 2 scrolls of butterflies {unknown}
Potions
 i - a potion of attraction
 l - 2 potions of flight
 p - a potion of invisibility {unknown}
 q - 2 potions of lignification {unknown}
 w - 2 potions of curing
 z - a potion of degeneration {unknown}
 A - a potion of magic {unknown}


   Skills:
 + Level 5.8 Fighting
 + Level 5.5 Axes
 + Level 5.2 Armour
 + Level 5.2 Shields


You had 6 spell levels left.
You didn't know any spells.
Your spell library contained the following spells:

 Spells                   Type           Power      Damage    Failure   Level
 Blink                    Tloc           0%         N/A       100%        2
 Momentum Strike          Conj/Tloc      0%         3d8       100%        2
 Lesser Beckoning         Tloc           0%         N/A       100%        3
 Iskenderun's Battlesphe  Conj           0%         2d6       100%        5
 Iron Shot                Conj/Erth      0%         9d1       100%        6
 Spellforged Servitor     Conj/Summ      0%         N/A       100%        7


Dungeon Overview and Level Annotations

Branches:
Dungeon (5/15)             Temple (1/1) D:4

Altars:
Cheibriados
Dithmenos
Fedhas
Gozag
Hepliaklqana
Kikubaaqudgha
Okawaru
Sif Muna
Trog
Uskayaw
Vehumet
Wu Jian

Annotations:
D:5 Dowan


Message History

Okay, then.
You hit Duvessa.
Duvessa is almost dead.
Duvessa says, "My weaknesses are his strengths!"
Duvessa hits you with a +0 rapier.
Dowan casts a spell.
Dowan blinks!
Duvessa zaps a wand.
The puff of flame hits you but does no damage.
You hit Duvessa.
You kill Duvessa!
Dowan's eyes darken. "You have made a black mistake."
Dowan seems to find hidden reserves of power!
Dowan points at you and mumbles some strange words.
The stone arrow hits you but does no damage.
Unknown command.
Dowan casts a spell.
Dowan blinks!
Items here: $ ) / [.
Dowan gestures at you while chanting. The shard of ice hits you!
* * * LOW HITPOINT WARNING * * *
You closely miss Dowan.
Dowan is severely wounded.
Dowan gestures wildly while chanting.
Dowan blinks!
Dowan casts a spell.
Dowan blinks!
Items here: $ ) / [.
Dowan hits you but does no damage. Dowan hits you with a +0 dagger.
* * * LOW HITPOINT WARNING * * *
You barely miss Dowan.
Dowan is severely wounded.
Dowan casts a spell at you. The stone arrow hits you!
* * * LOW HITPOINT WARNING * * *
Dowan shakes with grief.
Dowan gestures at you while chanting. The stone arrow hits you!
You die...
Your body crumbles into a pile of gold.

#.#..... #.#..##. #.#.....
#.#..... #.#..#.. #.#..#..
#.#..#..
##.################....#..
........$@e............#..
##.##################.##..
#.###< #.#... #.###. ###
#. #. ##


You could see Dowan (fast).

Vanquished Creatures
  Duvessa (D:5)
  A black bear (D:4)
  A hound (D:4)
  An iguana (D:4)
  8 gnolls
  9 adders
  A white imp (D:5)
  A worm (D:1)
  3 dart slugs
  6 endoplasms
  5 giant cockroaches
  28 hobgoblins
  8 jackals
  2 quokkas
  4 ball pythons
  5 bats
  9 frilled lizards
  29 goblins
  6 kobolds
  8 rats
  A spectral kobold (D:4)
  A bush (D:2)
138 creatures vanquished.

Notes
Turn   | Place    | Note
-------+----------+-------------------------------------------
     0 | D:1      | retardedninja the Hill Orc Fighter began the quest for the
                  | Orb.
     0 | D:1      | Reached XP level 1. HP: 19/19 MP: 1/1
   243 | D:1      | Reached XP level 2. HP: 27/27 MP: 2/2
   830 | D:1      | Reached XP level 3. HP: 33/33 MP: 3/3
  1608 | D:2      | Reached XP level 4. HP: 29/40 MP: 4/4
  1918 | D:2      | Found an ancient bone altar of Kikubaaqudgha.
  2459 | D:3      | Reached XP level 5. HP: 47/47 MP: 5/5
  3130 | D:3      | Reached skill level 5 in Fighting
  3130 | D:3      | Reached XP level 6. HP: 56/56 MP: 6/6
  3925 | D:4      | Noticed a black bear
  3938 | D:4      | Found a staircase to the Ecumenical Temple.
  3950 | Temple   | Entered the Ecumenical Temple
  4002 | Temple   | Became a worshipper of Gozag Ym Sagoz the Greedy
  4023 | D:4      | Killed a black bear
  4024 | D:4      | Reached skill level 5 in Axes
  4638 | D:4      | Reached skill level 5 in Armour
  4638 | D:4      | Reached skill level 5 in Shields
  4737 | D:4      | Reached XP level 7. HP: 61/61 MP: 7/7
  4803 | D:4      | Found a hazy altar of Hepliaklqana.
  4992 | D:5      | Entered Level 5 of the Dungeon
  5125 | D:5      | Noticed Duvessa
  5126 | D:5      | Noticed Dowan
  5148 | D:5      | Killed Duvessa
  5154 | D:5      | Killed from afar by Dowan

Illustrated notes

Levels and vault maps discovered:
D:1:      dpeg_arrival_round_c, layout_loops_ring, serial_glass,
          glass_columns_a, glass_columns_b, glass_columns_a, glass_columns_a,
          minivault_19, minmay_misc_feat_ornament, st_stairs_2
D:2:      layout_basic, basic_altar, serial_park_tiny_1, minmay_octomino_j4
D:3:      minmay_goblin_kobold_castle, layout_loops_ring
D:4:      layout_rooms, nicolae_hepliaklqana_monster_ancestors,
          minmay_temple_entry_sparse_star
D:5:      layout_basic, grunt_temple_overflow_order_and_chaos_2,
          lemuel_zombie_altar_yredelemnul, uniq_duvessa
Temple:   nicolae_temple_great_sept

Skill      XL: |  1  2  3  4  5  6 |
---------------+-------------------+-----
Axes           | 3 4 5 |  5.5
Fighting       | 4 5 |  5.8
Armour         | 4 5 |  5.2
Shields        | 4 5 |  5.2

Action                   |  1- 3 |  4- 6 |  7- 9 || total
-------------------------+-------+-------+-------++-------
Melee: War axe           |    96 |   300 |    36 ||   432
  Use: Scroll            |       |     5 |       ||     5
       Potion            |       |     2 |       ||     2
Armor: Scale mail        |    26 |       |       ||    26
       Chain mail        |    32 |   205 |    21 ||   258
Dodge: Dodged            |    38 |   129 |     9 ||   176
Block: Buckler           |    26 |    73 |     5 ||   104

Table legend: (Time is in decaauts)
 A = Elapsed time spent in this place.
 B = Non-inter-level travel time spent in this place.
 C = Inter-level travel time spent in this place.
 D = Time resting spent in this place.
 E = Time spent auto-exploring this place.
 F = Levels seen in this place.
 G = Mean time per level.
                   A        B        C        D        E       F      G
               +--------+--------+--------+--------+--------+-----+--------+
         Total |   5289 |   5080 |    209 |   1739 |   2295 |   6 |  881.5 |
       Dungeon |   5224 |   5024 |    200 |   1739 |   2260 |   5 | 1044.8 |
        Temple |     64 |     55 |      9 |      0 |     35 |   1 |   64.0 |
               +--------+--------+--------+--------+--------+-----+--------+

Top non-repeatable levels by time:
     D:3: 1644 daAuts
     D:1: 1625 daAuts
     D:4: 1051 daAuts
     D:2: 819 daAuts
     D:5: 82 daAuts
  Temple: 64 daAuts
